AoeStats
← a.l.a.n.t

African Clearing

504318982Analyzed
4v4 RM · 27d ago on Sep 4, 2026· 58m 40s· 8 players
Game mode
Random Map
Map size
Large (8 player)
Population
200
Speed
Normal
Resources
Standard
Victory
Conquest
Starting age
Dark Age
Ending age
Imperial Age
RankedLock teamsTeams togetherTeam positionsShared explorationLock speedFull tech treeHidden civsTurbo modeCheats
Victory
Defeat
🇰🇷 Berbers · South Korea
1265
+14
🇺🇸 Mongols · United States
1252
+15
🇨🇳 Spanish · China
1232
+16
🇨🇳 Huns · China
1145
+20
🇪🇸 Cumans · Spain
1251
-17
🇬🇧 Romans · United Kingdom
1236
-17
🇵🇹 Magyars · Portugal
1229
-16
🇧🇷 Mongols · Brazil
1211
-15
Rbofff
7:09 Loom
11:16 Feudal Age
17:15 Castle Age
18:15 Fletching
19:25 Double-Bit Axe
21:25 Bow Saw
22:59 Bloodlines
29:24 Husbandry
30:25 Wheelbarrow
30:33 Bodkin Arrow
35:21 Padded Archer Armor
39:14 Imperial Age
37:35 Gold Mining
38:02 Leather Archer Armor
38:25 Ballistics
37:41 Light Cavalry
38:29 Scale Barding Armor
40:00 Gold Shaft Mining
39:15 Stone Mining
40:05 Bracer
41:08 Chemistry
41:35 Chain Barding Armor
41:25 Forging
41:55 Conscription
42:41 Crossbowman
43:57 Thumb Ring
49:34 Iron Casting
50:20 Parthian Tactics
49:20 Elite Mangudai
49:51 Horse Collar
50:10 Hussar
51:46 Stone Shaft Mining
53:31 Murder Holes
56:04 Blast Furnace
a.l.a.n.t
11:08 Loom
14:00 Feudal Age
12:18 Loom
14:04 Feudal Age
20:27 Castle Age
18:35 Scale Barding Armor
19:20 Double-Bit Axe
21:11 Fletching
29:00 Bodkin Arrow
30:07 Ballistics
30:48 Padded Archer Armor
32:10 Husbandry
32:20 Bloodlines
33:22 Guard Tower
33:52 Leather Archer Armor
35:17 Gold Mining
39:00 Wheelbarrow
41:25 Imperial Age
39:54 Ballistas
41:07 Scale Mail Armor
40:30 Pikeman
41:10 Squires
42:50 Chain Mail Armor
42:50 Heavy Scorpion
44:37 Chemistry
43:32 Halberdier
48:31 Forging
DKing
10:27 Loom
13:14 Feudal Age
15:46 Double-Bit Axe
20:10 Horse Collar
23:27 Castle Age
22:07 Scale Mail Armor
23:48 Pikeman
31:01 Bow Saw
32:02 Light Cavalry
33:35 Bloodlines
33:32 Scale Barding Armor
34:44 Fletching
34:58 Husbandry
40:14 Imperial Age
38:39 Wheelbarrow
38:40 Padded Archer Armor
40:25 Chain Barding Armor
42:04 Bodkin Arrow
44:17 Conscription
44:42 Bracer
45:44 Leather Archer Armor
45:20 Town Watch
50:28 Two-Man Saw
51:30 Hand Cart
51:26 Heavy Plow
52:28 Ring Archer Armor
56:39 Conscription
Cassalleta
9:59 Loom
13:03 Feudal Age
13:42 Double-Bit Axe
15:21 Horse Collar
24:41 Castle Age
23:56 Wheelbarrow
27:29 Hand Cart
31:57 Bloodlines
31:57 Scale Barding Armor
32:21 Bow Saw
35:14 Fletching
35:16 Capped Ram
40:01 Chain Barding Armor
41:44 Forging
43:20 Heavy Plow
44:33 Gold Mining
47:19 Iron Casting
47:56 Bodkin Arrow
51:12 Ballistics
50:45 Light Cavalry
56:44 Imperial Age
54:55 Masonry
Da Pope
9:09 Loom
9:14 Loom
12:48 Feudal Age
13:09 Man-at-Arms
18:02 Fletching
23:13 Horse Collar
28:30 Castle Age
28:35 Pikeman
34:31 Double-Bit Axe
39:33 Padded Archer Armor
51:12 Wheelbarrow
50:26 Town Watch
51:49 Light Cavalry
52:39 Bloodlines
52:29 Husbandry
54:58 Heavy Plow
55:24 Bow Saw
58:57 Hand Cart
kdu0687
13:23 Feudal Age
18:37 Castle Age
16:41 Double-Bit Axe
17:21 Fletching
20:15 Bodkin Arrow
30:20 Scale Mail Armor
30:20 Padded Archer Armor
31:21 Ballistics
32:39 Husbandry
38:41 Bloodlines
42:57 Imperial Age
42:09 Gold Mining
45:52 Chemistry
钓你吗钓
13:05 Feudal Age
16:40 Castle Age
15:56 Gold Mining
16:29 Loom
17:43 Horse Collar
21:34 Bloodlines
24:08 Double-Bit Axe
26:11 Husbandry
35:18 Imperial Age
33:07 Heavy Plow
34:50 Wheelbarrow
34:33 Bow Saw
34:08 Light Cavalry
35:53 Padded Archer Armor
36:23 Fletching
37:54 Leather Archer Armor
38:44 Conscription
39:10 Scale Barding Armor
39:37 Ring Archer Armor
39:17 Forging
40:25 Fortified Wall
41:15 Chemistry
42:01 Chain Barding Armor
41:19 Hussar
42:40 Murder Holes
43:08 Bombard Tower
43:07 Cavalier
45:05 Plate Barding Armor
45:23 Ballistics
48:34 Iron Casting
48:33 Elite Conquistador
50:29 Blast Furnace
56:00 Hand Cart
56:47 Two-Man Saw
55:40 Stone Mining
55:47 Bodkin Arrow
EU _XING
10:37 Loom
14:35 Feudal Age
16:43 Wheelbarrow
18:51 Castle Age
17:29 Double-Bit Axe
19:02 Stone Mining
21:39 Town Watch
23:00 Horse Collar
26:14 Heavy Plow
31:07 Hand Cart
30:32 Pikeman
33:03 Hand Cart
38:54 Imperial Age
37:08 Gold Mining
38:57 Gold Shaft Mining
38:33 Squires
39:02 Bow Saw
40:03 Conscription
42:40 Two-Man Saw
41:52 Scale Barding Armor
41:57 Forging
42:01 Marauders
41:33 Halberdier
42:51 Husbandry
43:17 Bloodlines
43:18 Light Cavalry
44:51 Chain Barding Armor
45:06 Iron Casting
44:36 Fletching
47:07 Plate Barding Armor
48:14 Blast Furnace
47:39 Bodkin Arrow
48:02 Arson
48:19 Scale Mail Armor
48:19 Padded Archer Armor
48:35 Hussar
52:31 Bracer
52:46 Leather Archer Armor
52:47 Chain Mail Armor
57:53 Town Patrol
Connection lost

Rejoining the realm…

Still unreachable

The connection could not be restored.

Session expired

The server has moved on; the page needs a fresh start.